[Event "Titled Tuesday Blitz August 22 Early 2023"]
[White "Davidson, Kevin"]
[Black "NigelDwarf"]
[WhiteFideId "2056810"]
[WhiteElo "2317"]
[BlackElo "2529"]
[Result "0-1"]
[Round "3"]
[TimeControl "180+1"]
[Date "2023.08.22"]
[WhiteClock "0:00:00"]
[BlackClock "0:00:06"]
[Board "215"]

1. e4 c5 2. Nf3 d6 3. d4 Nf6 4. Nc3 cxd4 5. Nxd4 a6 6. h3 e6 7. g4 Be7 8. g5 Nfd7 9. h4 b5 10. Bg2 b4 11. Na4 Bb7 12. b3 Nc5 13. Bb2 Nxe4 14. O-O O-O 15. Re1 d5 16. c4 bxc3 17. Nxc3 Nd6 18. Rc1 Nd7 19. Na4 Rc8 20. Qe2 e5 21. Bh3 Rxc1 22. Bxc1 Re8 23. Nf5 Nxf5 24. Bxf5 Bd6 25. Bb2 f6 26. Qh5 Nf8 27. g6 hxg6 28. Bxg6 Nxg6 29. Qxg6 Qd7 30. Rc1 d4 31. Nc5 Bxc5 32. Rxc5 Rc8 33. Rc7 Rxc7 34. h5 Qf7 35. Qg4 f5 36. Qg5 d3 37. h6 Rc6 0-1


[Site "https://www.chess.com"]

[Event "Titled Tuesday Blitz August 22 Early 2023"]
[White "Skaric, Djuro"]
[Black "Sreyas Payyappat"]
[WhiteFideId "934569"]
[BlackFideId "46674969"]
[WhiteElo "2315"]
[BlackElo "2516"]
[Result "0-1"]
[Round "3"]
[TimeControl "180+1"]
[Date "2023.08.22"]
[WhiteClock "0:00:03"]
[BlackClock "0:00:13"]
[Board "216"]

1. g3 Nf6 2. Bg2 c5 3. d3 Nc6 4. Nc3 g6 5. e4 Bg7 6. f4 d6 7. Nf3 O-O 8. O-O e5 9. h3 Nh5 10. Ne2 exf4 11. gxf4 f5 12. c3 Be6 13. Be3 Qd7 14. Kh2 Rae8 15. Qd2 Kh8 16. Ng5 Bg8 17. Rf2 d5 18. e5 d4 19. Bxc6 bxc6 20. cxd4 cxd4 21. Bxd4 Rd8 22. Rd1 Qd5 23. b3 a5 24. Bb2 a4 25. Nc3 Qa5 26. Nxa4 Qxd2 27. Rdxd2 h6 28. Nf3 Nxf4 29. d4 g5 30. Nc5 Bd5 31. Ne1 Ng6 32. Ned3 Nh4 33. Nb4 Nf3+ 34. Rxf3 Bxf3 35. Kg3 Bd5 36. Nxd5 Rxd5 37. Re2 Re8 38. Kf3 Kg8 39. a4 Kf7 40. Nd3 c5 41. Nxc5 Bxe5 42. Rd2 Bf6 43. b4 Red8 44. Nb7 Rb8 45. Na5 Rxb4 46. Bc3 Rxa4 47. Nc6 Ra3 48. Rd3 Bxd4 49. Nxd4 Rxd4 50. Rxd4 Rxc3+ 51. Kg2 Kg6 52. Rd6+ Kh5 53. Rb6 f4 54. Kh2 Rc2+ 55. Kg1 Kh4 56. Rxh6+ Kg3 57. Kf1 f3 0-1


[Site "https://www.chess.com"]

[Event "Titled Tuesday Blitz August 22 Early 2023"]
[White "Bifulco, Michel"]
[Black "Rizzo, Tobias"]
[WhiteFideId "828580"]
[BlackFideId "30942691"]
[WhiteElo "2313"]
[BlackElo "2503"]
[Result "1-0"]
[Round "3"]
[TimeControl "180+1"]
[Date "2023.08.22"]
[WhiteClock "0:00:26"]
[BlackClock "0:00:00"]
[Board "217"]

1. d4 Nf6 2. c4 g6 3. Nc3 d5 4. Bf4 Bg7 5. e3 O-O 6. cxd5 Nxd5 7. Nxd5 Qxd5 8. Bxc7 Na6 9. Bxa6 bxa6 10. Nf3 Bb7 11. O-O Rac8 12. Bg3 Rc4 13. b3 Rc3 14. Rc1 Rfc8 15. Qd2 Qa5 16. Rxc3 Qxc3 17. Qxc3 Rxc3 18. Be5 Bxf3 19. gxf3 Bxe5 20. dxe5 Rc2 21. Ra1 Rb2 22. f4 f5 23. exf6 exf6 24. Kg2 Kf7 25. Kf3 Ke6 26. h4 f5 27. h5 Kf6 28. hxg6 hxg6 29. Rc1 Rxa2 30. Rc6+ Kf7 31. Rc7+ Kf6 32. Rxa7 Ra3 33. b4 Ra4 34. Rb7 a5 35. Rb6+ Kf7 36. bxa5 Rxa5 37. Rb2 Ra4 38. Kg3 Kf6 39. Kh4 Ra6 40. Rb3 Rc6 41. f3 Re6 42. Ra3 Rb6 43. e4 fxe4 44. fxe4 Rb4 45. Re3 Rb5 46. Kg4 Rb6 47. e5+ Kf7 48. Ra3 Rb7 49. Kg5 Kg7 50. Ra6 Rf7 51. Rxg6+ Kh7 52. Rf6 Rg7+ 53. Kf5 Kg8 54. e6 Re7 55. Ke5 Ra7 56. Rg6+ Kf8 57. Rh6 Kg7 58. Rh1 Ra5+ 59. Kd6 Ra6+ 60. Kd5 Ra5+ 61. Ke4 Kf6 62. Rh6+ Ke7 63. f5 Ra4+ 64. Kf3 Ra3+ 65. Kg4 Ra4+ 66. Kg5 Ra1 67. Rh7+ Ke8 68. Kf6 Kd8 69. Rh8+ Kc7 70. e7 Ra6+ 71. Kf7 1-0


[Site "https://www.chess.com"]

[Event "Titled Tuesday Blitz August 22 Early 2023"]
[White "Forgacs, Attila Jr."]
[Black "Coelho, Ramyres Santana"]
[WhiteFideId "773654"]
[BlackFideId "2120690"]
[WhiteElo "2500"]
[BlackElo "2307"]
[Result "0-1"]
[Round "3"]
[TimeControl "180+1"]
[Date "2023.08.22"]
[WhiteClock "0:00:02"]
[BlackClock "0:01:20"]
[Board "218"]

1. e4 c5 2. Nf3 d6 3. d4 cxd4 4. Nxd4 Nf6 5. Nc3 a6 6. f3 e6 7. Be3 b5 8. Qd2 Bb7 9. g4 Nbd7 10. O-O-O Rc8 11. h4 Nb6 12. g5 Nfd7 13. Bh3 Nc4 14. Qf2 Nxe3 15. Qxe3 Ne5 16. Kb1 Nc4 17. Qd3 Be7 18. Bxe6 fxe6 19. Nxe6 Qa5 20. Nd5 Bxd5 21. Qxd5 Qb4 22. Nxg7+ Kf8 23. Ne6+ Ke8 24. Ng7+ Kd7 25. Qf5+ Kc7 26. b3 Na3+ 27. Kb2 Kb6 28. e5 Qc3+ 29. Kc1 Qxc2+ 30. Qxc2 Rxc2# 0-1


[Site "https://www.chess.com"]

[Event "Titled Tuesday Blitz August 22 Early 2023"]
[White "Acikel, Mert"]
[Black "Mazurkiewicz, Michal"]
[WhiteFideId "12956465"]
[BlackFideId "1124943"]
[WhiteElo "2307"]
[BlackElo "2498"]
[Result "0-1"]
[Round "3"]
[TimeControl "180+1"]
[Date "2023.08.22"]
[WhiteClock "0:00:41"]
[BlackClock "0:00:43"]
[Board "219"]

1. e4 d6 2. d4 Nf6 3. Nc3 c6 4. f4 Qb6 5. Nf3 Bg4 6. Be2 e6 7. h3 Bxf3 8. Bxf3 d5 9. a3 dxe4 10. Nxe4 Nxe4 11. Bxe4 Nd7 12. O-O Nf6 13. Bf3 O-O-O 14. c3 Kb8 15. Qe2 c5 16. Be3 Nd5 17. Bxd5 Rxd5 18. Rfd1 cxd4 19. Bxd4 Bc5 20. Qf2 Rhd8 21. Qg3 Bxd4+ 22. cxd4 Rxd4 23. Rxd4 Qxd4+ 24. Kh2 g6 25. Re1 a6 26. b4 Ka8 27. Re3 h5 28. Rc3 h4 29. Qf3 Qd5 30. Qf2 Qd4 31. Qf3 Kb8 32. Rc5 Rd5 33. Rc3 Rf5 34. Rd3 Qxf4+ 35. Qxf4+ Rxf4 36. Rd7 Ka7 37. Rd6 e5 38. Kg1 e4 39. Rd7 Kb6 40. Re7 Kc6 41. Kh2 f5 42. Re6+ Kd5 43. Rxg6 e3 44. Kg1 e2 0-1


[Site "https://www.chess.com"]

[Event "Titled Tuesday Blitz August 22 Early 2023"]
[White "Prydun, Andriy"]
[Black "Berezin, Viktor"]
[WhiteFideId "14145898"]
[BlackFideId "14107872"]
[WhiteElo "2306"]
[BlackElo "2492"]
[Result "1/2-1/2"]
[Round "3"]
[TimeControl "180+1"]
[Date "2023.08.22"]
[WhiteClock "0:00:04"]
[BlackClock "0:00:03"]
[Board "220"]

1. e4 c6 2. d4 d5 3. e5 Bf5 4. Bd3 Bxd3 5. cxd3 e6 6. Nc3 Qb6 7. Nf3 Qa6 8. O-O Ne7 9. Rb1 Nf5 10. b4 Qb6 11. Ne2 a5 12. Qa4 Na6 13. a3 axb4 14. axb4 Nc7 15. Qb3 Nb5 16. Be3 Be7 17. g4 Nxe3 18. fxe3 O-O 19. Nf4 Ra3 20. Qc2 Rfa8 21. Rb2 Rc3 22. Qg2 Raa3 23. Qf2 Qd8 24. g5 Qe8 25. Qg3 Rab3 26. Rxb3 Rxb3 27. h4 g6 28. h5 Nc3 29. Nh2 Qd8 30. Nf3 Rb2 31. Rf2 Rxf2 32. Kxf2 Nd1+ 33. Ke2 Nc3+ 34. Kf2 Bxb4 35. Nh2 Qa5 36. Ng4 Qa2+ 37. Kf3 Qb1 38. Nf6+ Kg7 39. hxg6 Qd1+ 40. Kg2 fxg6 41. Qh4 Qd2+ 42. Kf1 Qc1+ 43. Kg2 Qd2+ 44. Kf1 Qd1+ 45. Kg2 Qd2+ 1/2-1/2


[Site "https://www.chess.com"]

[Event "Titled Tuesday Blitz August 22 Early 2023"]
[White "Zaksaite, Salomeja"]
[Black "only_strong_moves"]
[WhiteFideId "12801496"]
[WhiteElo "2302"]
[BlackElo "2491"]
[Result "0-1"]
[Round "3"]
[TimeControl "180+1"]
[Date "2023.08.22"]
[WhiteClock "0:00:00"]
[BlackClock "0:00:03"]
[Board "221"]

1. e4 e6 2. d4 d5 3. Nd2 c5 4. exd5 Qxd5 5. Ngf3 cxd4 6. Bc4 Qd6 7. O-O Nf6 8. Nb3 Nc6 9. Nbxd4 Nxd4 10. Qxd4 Qxd4 11. Nxd4 Bd7 12. Bb5 Bc5 13. Bxd7+ Nxd7 14. Be3 O-O 15. c4 Ne5 16. Nc2 Be7 17. b3 Rfd8 18. Rfd1 Nd3 19. Rd2 Ne5 20. Rad1 Rxd2 21. Rxd2 a6 22. f3 Rd8 23. Rxd8+ Bxd8 24. Kf2 f5 25. Ke2 Kf7 26. Bd4 Nc6 27. Bc3 Bc7 28. h3 g5 29. Nd4 Ne5 30. c5 Ng6 31. c6 b5 32. a4 bxa4 33. bxa4 Ne7 34. Bb4 Nd5 35. Bd2 h6 36. Kd3 Ke7 37. Kc4 Nb6+ 38. Kb3 Kd6 39. h4 Kd5 40. Nc2 Kxc6 41. hxg5 hxg5 42. Bxg5 Bd6 43. g4 Nd5 44. gxf5 exf5 45. Nd4+ Kc5 46. Nxf5 Be5 47. Ne3 Nb6 48. Be7+ Kc6 0-1


[Site "https://www.chess.com"]

[Event "Titled Tuesday Blitz August 22 Early 2023"]
[White "Li, Hui"]
[Black "Bazilius, Augustinas"]
[WhiteFideId "15400310"]
[BlackFideId "12832251"]
[WhiteElo "2300"]
[BlackElo "2490"]
[Result "1/2-1/2"]
[Round "3"]
[TimeControl "180+1"]
[Date "2023.08.22"]
[WhiteClock "0:00:14"]
[BlackClock "0:00:18"]
[Board "222"]

1. e4 c5 2. Nf3 a6 3. c4 e6 4. d4 cxd4 5. Nxd4 Qc7 6. Nc3 Nf6 7. a3 b6 8. Be3 Bb7 9. f3 Be7 10. Be2 O-O 11. O-O d6 12. Rc1 Nbd7 13. Qd2 Rac8 14. b4 Qb8 15. Kh1 Rfe8 16. Nb3 h5 17. Rfd1 Qa8 18. Na4 Qb8 19. Bf4 Bc6 20. Nc3 Ne5 21. Rc2 Qa8 22. Be3 Nfd7 23. Bf1 Red8 24. Nd4 Bb7 25. Na4 b5 26. Nb2 bxc4 27. Nxc4 Nxc4 28. Rxc4 Ne5 29. Rxc8 Rxc8 30. Rc1 Rxc1 31. Qxc1 Qc8 32. Qxc8+ Bxc8 33. a4 Kf8 34. b5 axb5 35. Bxb5 Bd8 36. Kg1 Ke7 37. Kf2 d5 38. exd5 exd5 39. Nb3 Nc4 40. Bc5+ Ke6 41. Bb4 Bb6+ 42. Kg3 Bc7+ 43. Kf2 g6 44. g3 Bb6+ 45. Kg2 Ne3+ 46. Kh1 Nc2 47. Bc5 Bc7 48. a5 Na3 49. Bxa3 Bb7 50. Bc5 d4 51. Bxd4 Bxf3+ 52. Kg1 Bd5 53. Nc5+ Kf5 54. Nd3 Bxa5 55. Nf4 Ke4 56. Bc5 Ba8 57. Bf1 g5 58. Bg2+ Kf5 59. Bxa8 gxf4 60. gxf4 Kxf4 61. Bf2 Bd2 62. Bg3+ Kg5 63. Bg2 Bf4 64. Bf2 Be5 65. h3 f5 66. Bf3 Kg6 67. Kg2 Bf6 68. Bg3 Bg5 69. Be5 Bf6 70. Kg3 Bxe5+ 71. Kg2 Kg5 72. Be2 h4 73. Bd3 f4 74. Kf3 Bd4 75. Kg2 Be3 76. Be2 Bd2 77. Bf3 Be1 78. Bg4 Bg3 79. Bf3 Kf6 80. Bg4 Ke5 81. Bf3 Kd4 82. Ba8 Ke3 83. Bf3 Kd4 84. Ba8 Ke5 85. Bf3 Kd6 86. Ba8 Kc7 87. Bf3 Kb8 88. Be4 Ka7 89. Bf3 Kb6 90. Bg4 Kc5 91. Bf3 Kd6 92. Bg4 Ke5 93. Bf3 1/2-1/2


[Site "https://www.chess.com"]

[Event "Titled Tuesday Blitz August 22 Early 2023"]
[White "Kuzmin, Roman"]
[Black "Hercegovac, Neven"]
[WhiteFideId "44134932"]
[BlackFideId "2839135"]
[WhiteElo "2490"]
[BlackElo "2298"]
[Result "1-0"]
[Round "3"]
[TimeControl "180+1"]
[Date "2023.08.22"]
[WhiteClock "0:01:56"]
[BlackClock "0:00:58"]
[Board "223"]

1. e4 e6 2. d4 d5 3. Nc3 Nf6 4. Bg5 Bb4 5. e5 h6 6. Bc1 Ne4 7. Qg4 Kf8 8. Ne2 h5 9. Qh3 c5 10. a3 Bxc3+ 11. bxc3 Qa5 12. f3 Nxc3 13. Bd2 cxd4 14. Qh4 Qc7 15. Nxd4 Qxe5+ 16. Ne2 g5 17. Qb4+ 1-0


[Site "https://www.chess.com"]

[Event "Titled Tuesday Blitz August 22 Early 2023"]
[White "Kaganskiy, Gleb"]
[Black "Janaszak, Dawid"]
[WhiteFideId "4132025"]
[BlackFideId "1119206"]
[WhiteElo "2297"]
[BlackElo "2481"]
[Result "1/2-1/2"]
[Round "3"]
[TimeControl "180+1"]
[Date "2023.08.22"]
[WhiteClock "0:00:02"]
[BlackClock "0:00:12"]
[Board "224"]

1. e4 g6 2. d4 Bg7 3. Nc3 a6 4. Nf3 b5 5. Be3 Bb7 6. Bd3 d6 7. a4 b4 8. Ne2 Nf6 9. Ng3 O-O 10. O-O Nbd7 11. c3 bxc3 12. bxc3 e5 13. Qd2 Ng4 14. Bg5 f6 15. h3 Nxf2 16. Rxf2 fxg5 17. Nxg5 Rxf2 18. Kxf2 exd4 19. Bc4+ d5 20. exd5 Nb6 21. Ba2 Bxd5 22. Rd1 Bxa2 23. Qxa2+ Qd5 24. Qxd5+ Nxd5 25. cxd4 Nc3 26. Rd3 Nxa4 27. Ne6 c6 28. Nxg7 Kxg7 29. d5 cxd5 30. Rxd5 Rf8+ 31. Ke3 Nb6 32. Rc5 a5 33. Ne4 a4 34. Nc3 a3 35. Rc6 Rf6 36. Rc7+ Rf7 37. Rc6 Rb7 38. Kd4 Nd7 39. Ra6 Rb2 40. Ra7 Rd2+ 41. Ke3 Rd6 42. Rxa3 Nf6 43. Ra7+ Kh6 44. Ne2 Kg5 45. Kf3 h5 46. g3 Rd3+ 47. Kg2 Ne4 48. Ra5+ Kh6 49. Ra2 Re3 50. Rb2 Kh7 51. Ra2 Kg7 52. Rb2 Rd3 53. Ra2 Nd2 54. Rb2 Nc4 55. Ra2 Ne3+ 56. Kf2 Nf5 57. Kg2 h4 58. gxh4 Nxh4+ 59. Kh2 Nf3+ 60. Kg2 Ne5 61. Kh2 Kf6 62. Kg2 Kf5 63. Ra5 g5 64. Rb5 Re3 65. Kf2 Rd3 66. Ra5 Kf6 67. Ra6+ Kg7 68. Ra5 Nf7 69. Ra6 Rxh3 70. Kg2 Rb3 71. Ng3 Nh6 72. Nh5+ Kh7 73. Nf6+ Kg6 74. Ne4+ Kg7 75. Nxg5 Rb2+ 76. Kf1 Ng4 77. Nh3 Ne3+ 78. Kg1 1/2-1/2


[Site "https://www.chess.com"]

[Event "Titled Tuesday Blitz August 22 Early 2023"]
[White "Shuvalov, Evgenij"]
[Black "Wang, Alexander J"]
[WhiteFideId "4187237"]
[BlackFideId "30955270"]
[WhiteElo "2479"]
[BlackElo "2296"]
[Result "1-0"]
[Round "3"]
[TimeControl "180+1"]
[Date "2023.08.22"]
[WhiteClock "0:02:30"]
[BlackClock "0:00:11"]
[Board "225"]

1. d4 Nf6 2. c4 d6 3. Nf3 g6 4. Nc3 Bg7 5. e4 O-O 6. Be2 e5 7. O-O Nc6 8. d5 Ne7 9. Ne1 Bd7 10. Be3 b6 11. Nd3 Ne8 12. f3 f5 13. g4 fxg4 14. fxg4 Rxf1+ 15. Kxf1 Nf6 16. Nf2 h6 17. h4 Nh7 18. Kg2 a6 19. b4 Qc8 20. c5 bxc5 21. bxc5 Nf6 22. Kg3 h5 23. g5 Ng4 24. Nxg4 hxg4 25. c6 Be8 26. Bxg4 1-0


[Site "https://www.chess.com"]

[Event "Titled Tuesday Blitz August 22 Early 2023"]
[White "Urbina Perez, Juan Antonio"]
[Black "EvgenyBurmakin"]
[WhiteFideId "2217368"]
[WhiteElo "2471"]
[BlackElo "2294"]
[Result "1-0"]
[Round "3"]
[TimeControl "180+1"]
[Date "2023.08.22"]
[WhiteClock "0:00:40"]
[BlackClock "0:00:00"]
[Board "226"]

1. e4 c5 2. Nf3 d6 3. Bb5+ Nd7 4. d4 cxd4 5. Qxd4 a6 6. Bxd7+ Bxd7 7. Nc3 e5 8. Qd3 Nf6 9. Bg5 Be6 10. O-O-O h6 11. Bxf6 Qxf6 12. Nd5 Qd8 13. Nd2 b5 14. Nf1 g6 15. Nfe3 Bg7 16. Nb4 O-O 17. Qxd6 Qa5 18. a3 Rfd8 19. Nc6 Rxd6 20. Nxa5 Rd4 21. f3 h5 22. c3 Ra4 23. Nc6 Bh6 24. Rhe1 Bb3 25. Rd8+ Rxd8 26. Nxd8 Rc4 27. Nb7 Rc7 28. Na5 Be6 29. Kc2 Rd7 30. Nf1 Bg5 31. Rd1 Rc7 32. Nb3 Be7 33. Nc1 a5 34. Ne3 b4 35. axb4 axb4 36. Nd5 Bxd5 37. Rxd5 bxc3 38. bxc3 f6 39. Nd3 Kf7 40. Ra5 Rb7 41. Ra8 Rc7 42. Ra5 Rb7 43. Ra4 Rc7 44. Nb4 Rb7 45. Nd5 Rd7 46. Rc4 f5 47. Rc7 Rxc7 48. Nxc7 fxe4 49. fxe4 Bc5 50. Nd5 Bg1 51. h3 g5 52. Kb3 Ke6 53. Kc4 Kd6 54. Nf6 1-0


[Site "https://www.chess.com"]

[Event "Titled Tuesday Blitz August 22 Early 2023"]
[White "Alahakoon, Isuru"]
[Black "Melnichuk, Mikhail"]
[WhiteFideId "9900993"]
[BlackFideId "14117533"]
[WhiteElo "2283"]
[BlackElo "2471"]
[Result "0-1"]
[Round "3"]
[TimeControl "180+1"]
[Date "2023.08.22"]
[WhiteClock "0:00:00"]
[BlackClock "0:01:28"]
[Board "227"]

1. Nf3 Nf6 2. d4 d5 3. c4 e6 4. Nc3 c5 5. cxd5 Nxd5 6. e3 cxd4 7. exd4 Nc6 8. Bd3 Be7 9. O-O O-O 10. Re1 Nf6 11. Bg5 b6 12. a3 Bb7 13. Bc2 Nd5 14. Qd3 g6 15. Bh6 Re8 16. Ne4 Nf6 17. Nxf6+ Bxf6 18. Rad1 Ne7 19. Ne5 Nf5 20. Bf4 Qd5 21. f3 Red8 22. Bb3 Qxd4+ 23. Qxd4 Nxd4 24. Ba2 Rac8 25. Nc4 Bd5 26. b3 Nb5 27. a4 Nc3 28. Rd2 Bxc4 29. bxc4 Rxd2 30. Bxd2 Nxa2 31. a5 Rxc4 0-1


[Site "https://www.chess.com"]

[Event "Titled Tuesday Blitz August 22 Early 2023"]
[White "Sariego Figueredo, Wilfredo"]
[Black "Omariev, Maksim"]
[WhiteFideId "3500080"]
[BlackFideId "4193423"]
[WhiteElo "2270"]
[BlackElo "2470"]
[Result "0-1"]
[Round "3"]
[TimeControl "180+1"]
[Date "2023.08.22"]
[WhiteClock "0:00:54"]
[BlackClock "0:00:04"]
[Board "228"]

1. d4 h5 2. Bf4 h4 3. Nf3 h3 4. g3 d5 5. Nc3 c6 6. Ng5 f6 7. Nf3 g5 8. Bd2 Qb6 9. Qc1 Bf5 10. Na4 Qc7 11. c4 e6 12. cxd5 exd5 13. e3 Be4 14. Be2 g4 15. Nh4 Bxh1 16. Bxg4 Nd7 17. Qc2 Be4 18. Qb3 Bd6 19. Bf5 Rxh4 20. Bxd7+ Qxd7 21. gxh4 Qg4 22. Qxb7 Rb8 23. Qxc6+ Ke7 24. b3 Bd3 25. Nc3 Qg1# 0-1


[Site "https://www.chess.com"]

[Event "Titled Tuesday Blitz August 22 Early 2023"]
[White "Dudzinski, Pawel"]
[Black "Simonovic, Miroslav"]
[WhiteFideId "1117890"]
[BlackFideId "919152"]
[WhiteElo "2455"]
[BlackElo "2269"]
[Result "1-0"]
[Round "3"]
[TimeControl "180+1"]
[Date "2023.08.22"]
[WhiteClock "0:00:32"]
[BlackClock "0:00:00"]
[Board "229"]

1. e4 c5 2. Nc3 Nc6 3. g3 e5 4. Bg2 g6 5. d3 Bg7 6. f4 Nge7 7. fxe5 Nxe5 8. Be3 d6 9. h3 O-O 10. Nf3 b6 11. O-O Bb7 12. Nxe5 dxe5 13. Qd2 f5 14. Bg5 Qd7 15. Bxe7 Qxe7 16. exf5 Bxg2 17. Qxg2 gxf5 18. Rxf5 Rxf5 19. Qxa8+ Rf8 20. Qd5+ Kh8 21. Ne4 Rd8 22. Qc6 Qf7 23. Rf1 Qh5 24. Kg2 Rg8 25. g4 Qh4 26. Qe6 h6 27. Qg6 Qe7 28. Rf7 Qd8 29. Nf6 Qa8+ 30. Kg1 1-0


[Site "https://www.chess.com"]

[Event "Titled Tuesday Blitz August 22 Early 2023"]
[White "Herman, Daniel"]
[Black "Hoffmann, Asa"]
[WhiteFideId "30935008"]
[BlackFideId "2001470"]
[WhiteElo "2440"]
[BlackElo "2259"]
[Result "0-1"]
[Round "3"]
[TimeControl "180+1"]
[Date "2023.08.22"]
[WhiteClock "0:00:07"]
[BlackClock "0:00:54"]
[Board "230"]

1. d4 Nf6 2. c4 c5 3. d5 e5 4. Nc3 d6 5. e4 Be7 6. g3 O-O 7. Bg2 Na6 8. Nge2 Ne8 9. O-O Bd7 10. f4 Bf6 11. Be3 Nec7 12. a4 Nb4 13. Qd2 Qe7 14. f5 b6 15. g4 h6 16. Ng3 Bg5 17. f6 Bxf6 18. Rxf6 Qxf6 19. Nf5 Bxf5 20. gxf5 Kh7 21. Kh1 Rg8 22. Rg1 a6 23. Bf3 b5 24. axb5 axb5 25. cxb5 Rab8 26. Be2 Na8 27. Nd1 Nb6 28. Nf2 g5 29. Ng4 Qg7 30. f6 Qg6 31. Nf2 Rh8 32. Bg4 Kg8 33. Bf5 Qh5 34. Ng4 Nc4 35. Qe2 Nxe3 36. Qxe3 Nc2 37. Qd3 Nd4 38. Qg3 Nxf5 39. exf5 Kh7 40. Nf2 Rxb5 41. Ne4 Rxb2 42. Nxd6 Rd8 43. Nxf7 Qxf7 44. Qxe5 Qxd5+ 45. Qxd5 Rxd5 46. Re1 Rxf5 47. Re7+ Kg8 48. Rg7+ Kf8 49. Rg6 Rf1# 0-1


[Site "https://www.chess.com"]

[Event "Titled Tuesday Blitz August 22 Early 2023"]
[White "Kaminski, Victor"]
[Black "Rosh Jain"]
[WhiteFideId "1131630"]
[BlackFideId "25789465"]
[WhiteElo "2253"]
[BlackElo "2440"]
[Result "0-1"]
[Round "3"]
[TimeControl "180+1"]
[Date "2023.08.22"]
[WhiteClock "0:00:02"]
[BlackClock "0:00:03"]
[Board "231"]

1. e4 c5 2. Nf3 d6 3. d4 cxd4 4. Nxd4 Nf6 5. Nc3 a6 6. h4 e5 7. Nb3 Be7 8. h5 h6 9. Be3 Be6 10. Qd2 Nbd7 11. f3 b5 12. a4 b4 13. Nd5 Bxd5 14. exd5 Nb6 15. Bxb6 Qxb6 16. a5 Qb7 17. Bc4 Rc8 18. Qd3 Ra8 19. O-O-O O-O 20. g4 Nh7 21. Kb1 Bg5 22. Qf5 Rfc8 23. Bd3 Nf6 24. Nd2 Nxd5 25. Qh7+ Kf8 26. Be4 Nc3+ 27. bxc3 d5 28. Bxd5 Qxd5 29. Ne4 Qb5 30. Nd6 Qc5 31. Qh8+ Ke7 32. Nf5+ Ke6 33. Qxg7 Rd8 34. Rxd8 Rxd8 35. Re1 bxc3 36. Ne3 Qb4+ 37. Kc1 Qb2# 0-1


[Site "https://www.chess.com"]

[Event "Titled Tuesday Blitz August 22 Early 2023"]
[White "Arencibia Monduy, Antonio"]
[Black "Ai, Evan"]
[WhiteFideId "3507939"]
[BlackFideId "2094770"]
[WhiteElo "2438"]
[BlackElo "2252"]
[Result "1-0"]
[Round "3"]
[TimeControl "180+1"]
[Date "2023.08.22"]
[WhiteClock "0:01:34"]
[BlackClock "0:00:00"]
[Board "232"]

1. e4 e5 2. Bc4 Nf6 3. d3 Bc5 4. Nf3 d6 5. c3 Nc6 6. Bb3 O-O 7. O-O h6 8. h3 a6 9. Re1 Ba7 10. Nbd2 Re8 11. Nf1 d5 12. Qe2 Na5 13. Bc2 dxe4 14. dxe4 Qe7 15. Ng3 b5 16. Nh4 Nc4 17. Nhf5 Bxf5 18. Nxf5 Qc5 19. Qf3 Qc6 20. Bxh6 gxh6 21. Qg3+ 1-0


[Site "https://www.chess.com"]

[Event "Titled Tuesday Blitz August 22 Early 2023"]
[White "SergioMoralesG"]
[Black "Schut, Han"]
[BlackFideId "1005561"]
[WhiteElo "2435"]
[BlackElo "2247"]
[Result "1/2-1/2"]
[Round "3"]
[TimeControl "180+1"]
[Date "2023.08.22"]
[WhiteClock "0:00:02"]
[BlackClock "0:00:16"]
[Board "234"]

1. d4 Nf6 2. c4 g6 3. Nc3 d5 4. Nf3 Bg7 5. e3 O-O 6. cxd5 Nxd5 7. Bc4 Nb6 8. Bb3 c5 9. O-O cxd4 10. exd4 Nc6 11. d5 Na5 12. Re1 Bg4 13. h3 Bxf3 14. Qxf3 Nxb3 15. axb3 Bxc3 16. bxc3 Qxd5 17. Qxd5 Nxd5 18. c4 Nb4 19. Rxe7 Rfe8 20. Bg5 Rxe7 21. Bxe7 Nc6 22. Bc5 a6 23. Kf1 Rd8 24. Be3 f6 25. Rb1 Kf7 26. b4 Ne5 27. c5 Rd7 28. Ke2 Nc4 29. Bc1 Ke6 30. Rb3 f5 31. Rc3 Rd4 32. g3 Kd5 33. h4 Re4+ 34. Kf1 Rd4 35. Kg2 Rd1 36. Bf4 Rb1 37. Rd3+ Kc6 38. Rd8 Rxb4 39. Rc8+ Kd5 40. Rc7 a5 41. Rxh7 Kxc5 42. Bh6 Rb6 43. Rc7+ Kb4 44. f3 a4 45. Bf8+ Kb3 46. Rd7 a3 47. Rd3+ Kc2 48. Rd4 Kc3 49. Bg7 a2 50. Rd1+ Kb3 51. Ra1 Nb2 52. g4 fxg4 53. fxg4 Rc6 54. Kg3 Rd6 55. h5 gxh5 56. gxh5 Rd7 57. Bf6 Rf7 58. Be5 b5 59. Kg4 b4 60. Kg5 Nc4 61. Bh8 Ka3 62. h6 Rb7 63. Kg6 b3 64. h7 Rxh7 65. Kxh7 b2 66. Bxb2+ Kxb2 67. Rxa2+ Kxa2 1/2-1/2


[Site "https://www.chess.com"]

[Event "Titled Tuesday Blitz August 22 Early 2023"]
[White "Zaichenko, Daria"]
[Black "Eggleston, Thomas A"]
[WhiteFideId "4197453"]
[BlackFideId "412139"]
[WhiteElo "2246"]
[BlackElo "2417"]
[Result "0-1"]
[Round "3"]
[TimeControl "180+1"]
[Date "2023.08.22"]
[WhiteClock "0:00:00"]
[BlackClock "0:00:26"]
[Board "235"]

1. e4 e5 2. Nf3 Nf6 3. Nxe5 d6 4. Nf3 Nxe4 5. Nc3 Nf6 6. d4 d5 7. Bd3 Be7 8. O-O O-O 9. Ne5 c5 10. dxc5 Bxc5 11. Bg5 Be6 12. Re1 Nc6 13. Qf3 h6 14. Bxf6 Qxf6 15. Qxf6 gxf6 16. Nf3 Nb4 17. Nb5 Nxd3 18. cxd3 Rac8 19. d4 Bb4 20. Re3 a6 21. Nc3 Bd6 22. g3 Rc4 23. Ne2 Rc2 24. b3 Rfc8 25. Kg2 Rb2 26. Rc1 Rcc2 27. Rxc2 Rxc2 28. Nc3 Bb4 29. Na4 Rxa2 30. Ng1 f5 31. Ne2 Bd2 32. Rd3 f4 33. Nxf4 Bf5 34. Nc3 Rc2 35. Rxd2 Rxd2 36. Nce2 Bd3 37. Nc3 Be4+ 38. Nxe4 dxe4 39. d5 Kf8 40. Kf1 Rb2 41. Ke1 Rxb3 42. Ke2 Ke7 43. h4 Kd6 44. g4 Rf3 45. Nh5 Rh3 46. Ng7 Kxd5 47. h5 a5 48. Nf5 a4 49. Kd2 a3 50. Kc2 Rf3 51. Nxh6 Rxf2+ 52. Kb3 a2 0-1


[Site "https://www.chess.com"]

[Event "Titled Tuesday Blitz August 22 Early 2023"]
[White "Shohat, Yotam"]
[Black "Fernandez Hernandez, Gerardo"]
[WhiteFideId "2813955"]
[BlackFideId "2207400"]
[WhiteElo "2417"]
[BlackElo "2244"]
[Result "1-0"]
[Round "3"]
[TimeControl "180+1"]
[Date "2023.08.22"]
[WhiteClock "0:01:08"]
[BlackClock "0:00:01"]
[Board "236"]

1. e4 e6 2. d4 d5 3. Nc3 Nc6 4. Nf3 Nf6 5. e5 Ne4 6. Bd2 Nxd2 7. Qxd2 Bd7 8. h4 h6 9. h5 Be7 10. a3 Bg5 11. Nxg5 Qxg5 12. Qxg5 hxg5 13. O-O-O a6 14. Be2 Ke7 15. Bg4 Rh6 16. Rhe1 Rah8 17. Ne2 f5 18. exf6+ gxf6 19. f4 Nd8 20. Ng3 Kf7 21. fxg5 fxg5 22. Re5 Rg8 23. c4 c6 24. c5 Ke7 25. Nf5+ Kf6 26. Nxh6 Rh8 27. Rf1+ Kg7 28. Rxg5+ Kxh6 29. Rg6+ Kh7 30. Be2 Re8 31. Bd3 Kh8 32. Rh6+ Kg7 33. Rh7+ Kg8 34. Rxd7 e5 35. Bh7+ Kh8 36. Bg6 Rf8 37. Rxf8# 1-0


[Site "https://www.chess.com"]

[Event "Titled Tuesday Blitz August 22 Early 2023"]
[White "Polanco Nunez, Yoel Estarling"]
[Black "Pein, Jonathan"]
[WhiteFideId "6401783"]
[BlackFideId "417092"]
[WhiteElo "2240"]
[BlackElo "2413"]
[Result "0-1"]
[Round "3"]
[TimeControl "180+1"]
[Date "2023.08.22"]
[WhiteClock "0:00:00"]
[BlackClock "0:00:03"]
[Board "238"]

1. c4 e6 2. Nf3 Nf6 3. g3 g6 4. Bg2 Bg7 5. O-O O-O 6. Nc3 d5 7. d4 Nc6 8. cxd5 exd5 9. Bg5 h6 10. Bxf6 Bxf6 11. e3 Ne7 12. Rc1 a5 13. Ne1 c6 14. Nd3 Bf5 15. Bf3 h5 16. Qd2 Nc8 17. b3 Nd6 18. Bg2 h4 19. Rfe1 h3 20. Bh1 Qe7 21. f3 Rfe8 22. Nc5 Bg5 23. Kf2 Kg7 24. Re2 Qf6 25. Kg1 Re7 26. Rce1 Rae8 27. Nd3 Qxd4 28. exd4 Bxd2 29. Rxe7 Rxe7 30. Rxe7 Bxd3 31. Nd1 Kf6 32. Rd7 Ke6 33. Rc7 a4 34. Nf2 Be3 35. bxa4 Bxd4 36. a5 g5 37. f4 gxf4 38. gxf4 Be4 39. Kf1 Bxh1 40. Nxh1 c5 41. Ng3 c4 42. Ne2 Be3 43. Ke1 f5 44. Kd1 d4 45. a4 c3 46. Nc1 Bxf4 47. Nd3 Be3 48. Rh7 Kd5 0-1


[Site "https://www.chess.com"]